 Dungeon Crawl Stone Soup version 0.25-a0-340-ga1faa1601d (webtiles) character file.

Game seed: 14920295310641364747, levelgen mode: classic

23788 Borgoz the Carver (level 13, -2/84 HPs)
             Began as a Gargoyle Fighter on Dec 29, 2019.
             Was a High Priest of Dithmenos.
             Impaled on a porcupine's spines (12 damage)
             ... on level 1 of the Lair of Beasts.
             The game lasted 00:25:40 (12872 turns).

Borgoz the Carver (Gargoyle Fighter)               Turns: 12872, Time: 00:25:40

Health: -2/84      AC: 28    Str: 21    XL:     13   Next: 9%
Magic:  15/15      EV: 15    Int: 10    God:    Dithmenos [*****.]
Gold:   353        SH:  5    Dex: 12    Spells: 9/12 levels left

rFire    + + .     SeeInvis .   b - +3 falchion (flame)
rCold    . . .     Gourm    .   m - +0 buckler
rNeg     + . .     Faith    .   J - +1 ring mail {rF+}
rPois    ∞         Spirit   .   r - +2 helmet
rElec    +         Reflect  .   v - +0 cloak
rCorr    .         Harm     .   l - +0 pair of gloves
MR       .....                  y - +0 pair of boots
Stlth    +.........             (no amulet)
HPRegen  0.24/turn              C - +2 ring of protection
MPRegen  0.14/turn              c - ring of protection from fire

@: very slightly contaminated, wreathed by umbra, invisible (expiring)
A: negative energy resistance 1, electricity resistance, unbreathing,
petrification resistance, rot immunity, AC +9
a: Shadow Step, Shadow Form, Renounce Religion


You were on level 1 of the Lair of Beasts.
You worshipped Dithmenos.
Dithmenos was extremely pleased with you.
You were hungry.

You visited 3 branches of the dungeon, and saw 14 of its levels.
You also visited: Ice Cave.

You collected 736 gold pieces.
You spent 383 gold pieces at shops.

Inventory:

Hand Weapons
 a - a +0 long sword
 b - a +3 falchion of flaming (weapon)
Armour
 l - a +0 pair of gloves (worn)
 m - a +0 buckler (worn)
 n - a +0 helmet of intelligence
 r - a +2 helmet (worn)
 v - a +0 cloak (worn)
 y - a +0 pair of boots (worn)
 I - a +0 troll leather armour
 J - a +1 ring mail of fire resistance (worn)
Jewellery
 c - a ring of protection from fire (right hand)
 g - an uncursed ring of ice
 j - a cursed ring of attention {unknown}
 k - an uncursed ring of flight
 C - a +2 ring of protection (left hand)
Wands
 d - a wand of iceblast (31)
 q - a wand of random effects (14)
 D - a wand of disintegration (17)
Scrolls
 o - 8 scrolls of teleportation
 s - 3 scrolls of amnesia
 t - 4 scrolls of enchant armour
 u - a scroll of identify
 w - 2 scrolls of blinking
 z - a scroll of holy word
 A - 2 scrolls of fear
 B - 5 scrolls of remove curse
 G - a scroll of magic mapping {unknown}
 K - a scroll of brand weapon {unknown}
Potions
 e - a potion of might
 h - 2 potions of flight
 i - a potion of agility
 p - a potion of haste
 x - 2 potions of cancellation
 F - a potion of mutation
 H - a potion of lignification
 L - a potion of curing
Comestibles
 f - 33 rations
 E - 12 chunks of flesh


   Skills:
 + Level 10.9 Fighting
 * Level 12.4 Long Blades
 + Level 10.9 Armour
 + Level 8.7 Dodging
 - Level 5.1 Shields
 - Level 3.0 Invocations


You had 9 spell levels left.
You knew the following spells:

 Your Spells              Type           Power        Failure   Level  Hunger
a - Confuse               Hex            #.......     86%         3    ####...

Your spell library contained the following spells:

 Spells                   Type           Power        Failure   Level  Hunger
 Animate Skeleton         Necr           N/A          50%         1    ##.....
 Apportation              Tloc           #.....       50%         1    ##.....
 Confusing Touch          Hex            #.....       50%         1    ##.....
 Corona                   Hex            #......      50%         1    ##.....
 Sandblast                Erth           #.....       50%         1    ##.....
 Summon Small Mammal      Summ           #...         50%         1    ##.....
 Ensorcelled Hibernation  Hex/Ice        #.....       63%         2    ###....
 Passwall                 Tmut/Erth      #.......     63%         2    ###....
 Dazzling Flash           Conj/Hex       #.....       86%         3    ####...
 Ignite Poison            Fire/Tmut/Pois #.......     86%         3    ####...
 Stone Arrow              Conj/Erth      #.....       86%         3    ####...
 Tukima's Dance           Hex            #.......     86%         3    ####...
 Cause Fear               Hex            #.........   99%         4    #####..
 Petrify                  Tmut/Erth      #.......     99%         4    #####..
 Alistair's Intoxication  Tmut/Pois      #.......     100%        5    ######.
 Irradiate                Conj/Tmut      #.........   100%        5    ######.
 Lee's Rapid Deconstruct  Erth           #.........   100%        5    ######.
 Silence                  Hex/Air        #.........   100%        5    ######.
 Yara's Violent Unravell  Hex/Tmut       #.........   100%        5    ######.
 Deflect Missiles         Chrm/Air       #.........   100%        6    #######
 Eringya's Noxious Bog    Tmut/Pois      #.........   100%        6    #######
 Discord                  Hex            #.........   100%        8    #######
 Sublimation of Blood     Necr           Unusable     N/A         2    N/A

Dungeon Overview and Level Annotations

Branches:
Dungeon (12/15)            Temple (1/1) D:4            Lair (1/6) D:10
    Orc (0/2) D:10          IceCv (visited)

Altars:
Ashenzari
Cheibriados
Dithmenos
Elyvilon
Fedhas
Gozag
Hepliaklqana
Kikubaaqudgha
Makhleb
Nemelex Xobeh
Okawaru
Qazlal
Ru
Sif Muna
Trog
Uskayaw
Vehumet
Wu Jian
Xom
Yredelemnul
Zin
The Shining One
Jiyva

Shops:
D:8 :   D:9 *!   D:10 [


Innate Abilities, Weirdness & Mutations

You are resistant to torment.
Your stone body is resilient. (AC +9)
You are immune to poison.
You resist negative energy. (rN+)
You are resistant to electric shocks. (rElec)
You can survive without breathing.
You are immune to petrification.
You are immune to rotting.


Message History

The yak is severely wounded.
Your shadow hits the yak but does no damage.
The yak gores you.
* * * LOW HITPOINT WARNING * * *
The porcupine twitches its whiskers.
You slash the yak! You burn the yak.
You kill the yak!
Dithmenos accepts your kill. The yak closely misses you.
You hit the yak. You burn the yak.
The yak is lightly wounded.
You strike the helpless yak from behind!
You hit the yak. You burn the yak.
The yak is moderately wounded.
The porcupine barely misses you. The yak barely misses you. x2
The porcupine barely misses you.
Things that are here:
a yak corpse; a spiny frog corpse; a hydra corpse You are struck by the porcupine's spines.
You die...

.P...# #########....###...
#.... ##.......# ##.# ....#
#......##.# ## .... ##
###.#...####
......###P##...#.....####
.#......
.............##.###
....Y... #...P..........##P
...:...###Y.###............
#..DY..##@## ##..÷##......
#...#..rY# #...###.#...
##.......# #.........#.
###.##.....# ###..##...#.
....?.......# ##.....^#.
..P##.#....## ###......##
####...## #.......##
#....## #........##
##....#####..........


You could see 2 yaks and a porcupine.

Vanquished Creatures
  Harold (D:8)
  3 hydras
  A death knight (D:10)
  3 two-headed ogres
  Pikel (D:7)
  A cyclops (D:12)
  An ugly thing (IceCv)
  Psyche (D:9)
  2 ice statues (IceCv)
  2 rime drakes (D:12)
  3 spiny frogs
  A troll (D:9)
  A hornet (D:12)
  3 blink frogs
  2 hippogriffs
  A slime creature (D:11)
  2 dream sheep (D:8)
  16 yaks
  A basilisk (D:10)
  A hungry ghost (D:12)
  Menkaure (D:5)
  2 vampire mosquitoes (D:12)
  2 water moccasins
  6 orc warriors
  3 porcupines (D:10)
  4 phantoms
  3 black bears
  3 sky beasts
  11 ice beasts
  3 ogres
  4 slaves (D:7)
  A necrophage (D:12)
  19 centaurs
  7 crocodiles
  7 bullfrogs
  5 big kobolds
  A gnoll sergeant (D:6)
  A wyvern skeleton (D:11)
  7 scorpions
  2 water moccasin skeletons
  3 wights (D:9)
  11 howler monkeys
  5 crimson imps
  A bullfrog zombie (D:10)
  2 quasits
  3 hounds (D:11)
  11 orc priests
  4 jellies
  2 bullfrog skeletons (D:8)
  5 centaur skeletons
  Jessica (D:3)
  4 iguanas
  16 orc wizards
  5 worker ants
  A killer bee zombie (D:5)
  2 hound skeletons
  3 worker ant zombies
  Robin (D:3)
  3 gnolls (D:6)
  9 adders
  A shadow imp (D:12)
  2 oozes (D:3)
  3 adder skeletons
  2 worms (D:3)
  2 dart slugs
  2 leopard geckos
  51 orcs
  3 giant cockroaches
  17 goblins
  7 hobgoblins
  9 jackals
  6 quokkas
  A ball python skeleton (D:4)
  8 bats
  A frilled lizard (D:3)
  A giant cockroach zombie (D:6)
  8 kobolds
  A leopard gecko skeleton (D:5)
  A quokka skeleton (D:6)
  5 rats
362 creatures vanquished.

Vanquished Creatures (collateral kills)
  A wraith (D:12)
1 creature vanquished.

Vanquished Creatures (others)
  An ugly thing (IceCv)
  An orc warrior (D:7)
  A plant (D:10)
3 creatures vanquished.

Grand Total: 366 creatures vanquished

Notes
Turn   | Place    | Note
-------+----------+-------------------------------------------
     0 | D:1      | Borgoz the Gargoyle Fighter began the quest for the Orb.
     0 | D:1      | Reached XP level 1. HP: 14/14 MP: 1/1
    78 | D:1      | Reached skill level 2 in Long Blades
    96 | D:1      | Reached XP level 2. HP: 16/19 MP: 2/2
   239 | D:1      | Reached XP level 3. HP: 14/23 MP: 3/3
   658 | D:2      | Found an ancient bone altar of Kikubaaqudgha.
   674 | D:2      | Found a burning altar of Makhleb.
   676 | D:2      | Noticed a blizzard demon
   983 | D:2      | Found a sacrificial altar of Ru.
  1168 | D:3      | Noticed Jessica
  1176 | D:3      | Killed Jessica
  1176 | D:3      | Reached skill level 3 in Long Blades
  1176 | D:3      | Reached XP level 4. HP: 28/29 MP: 4/4
  1309 | D:3      | Noticed Robin
  1337 | D:3      | Killed Robin
  1405 | D:3      | Found a white marble altar of Elyvilon.
  1841 | D:3      | Reached XP level 5. HP: 33/33 MP: 5/5
  2129 | D:4      | Found a hazy altar of Hepliaklqana.
  2208 | D:4      | Reached skill level 4 in Long Blades
  2245 | D:4      | Reached XP level 6. HP: 36/39 MP: 6/6
  2376 | D:4      | Found a staircase to the Ecumenical Temple.
  2406 | Temple   | Entered the Ecumenical Temple
  2474 | Temple   | Became a worshipper of Dithmenos the Shadowed
  2869 | D:4      | Reached skill level 8 in Long Blades
  2869 | D:4      | Reached skill level 5 in Dodging
  2869 | D:4      | Reached XP level 7. HP: 48/48 MP: 7/7
  3011 | D:5      | Entered Level 5 of the Dungeon
  3072 | D:5      | Reached XP level 8. HP: 48/53 MP: 8/8
  3166 | D:5      | Noticed Menkaure
  3177 | D:5      | Killed Menkaure
  3692 | D:5      | Found a sparkling altar of Nemelex Xobeh.
  3692 | D:5      | Found an opulent altar of Gozag.
  3784 | D:6      | Found a blossoming altar of Fedhas.
  3816 | D:6      | Reached * piety under Dithmenos
  4099 | D:6      | Reached XP level 9. HP: 34/58 MP: 9/9
  4284 | D:6      | Reached ** piety under Dithmenos
  4636 | D:7      | Noticed Pikel
  4740 | D:7      | Killed Pikel
  4893 | D:7      | Reached skill level 9 in Long Blades
  5705 | D:8      | Reached *** piety under Dithmenos
  5734 | D:8      | Found Apech's Book Shop.
  5759 | D:8      | Found an iron altar of Okawaru.
  5761 | D:8      | Found a hide-covered altar of Uskayaw.
  5764 | D:8      | Noticed a two-headed ogre
  5774 | D:8      | Reached XP level 10. HP: 50/64 MP: 10/10
  5787 | D:8      | Killed a two-headed ogre
  5787 | D:8      | Reached skill level 5 in Shields
  5803 | D:8      | Found a glowing golden altar of the Shining One.
  6182 | D:8      | Found a sacrificial altar of Ru.
  6364 | D:8      | Reached skill level 1 in Invocations
  6491 | D:8      | Noticed a three-headed hydra
  6495 | D:8      | Killed a one-headed hydra
  6525 | D:8      | Noticed Harold
  6568 | D:8      | Killed Harold
  6568 | D:8      | Reached XP level 11. HP: 58/69 MP: 12/12
  6632 | D:8      | Reached skill level 10 in Long Blades
  6774 | D:8      | Found a bloodstained altar of Trog.
  7074 | D:9      | Found a shimmering altar of Xom.
  7305 | D:9      | Reached **** piety under Dithmenos
  7371 | D:9      | Found Zin's Purification Station.
  7375 | D:9      | Found a glowing silver altar of Zin.
  7478 | D:9      | Learned a level 3 spell: Confuse
  7497 | D:9      | Found Geisock's Distillery.
  7505 | D:9      | Bought a potion of heal wounds for 60 gold pieces
  7600 | D:10     | Entered Level 10 of the Dungeon
  7916 | D:9      | Noticed Psyche
  7924 | D:9      | Killed Psyche
  8505 | D:10     | Found a staircase to the Orcish Mines.
  8774 | D:10     | Found a staircase to the Lair.
  8920 | D:10     | Found Vuvvuid's Antique Armour Boutique.
  8923 | D:10     | Bought a fine helmet for 323 gold pieces
  9049 | D:10     | Identified the +0 helmet of Urrijaf {rElec} (You bought it
                  | in a shop on level 10 of the Dungeon)
  9128 | D:10     | Reached ***** piety under Dithmenos
  9359 | D:10     | Noticed a death knight
  9433 | D:10     | Killed a death knight
  9433 | D:10     | Reached skill level 11 in Long Blades
  9902 | D:11     | Noticed a two-headed ogre
  9924 | D:11     | Killed a two-headed ogre
  9924 | D:11     | Reached XP level 12. HP: 77/77 MP: 14/14
 10100 | D:11     | Found a viscous altar of Jiyva.
 10164 | D:11     | Reached skill level 10 in Fighting
 10172 | D:11     | Reached skill level 10 in Armour
 11056 | D:12     | Found a frozen archway.
 11100 | IceCv    | Entered an ice cave
 11153 | IceCv    | Found a transporter.
 11171 | IceCv    | Found a transporter.
 11628 | D:12     | Noticed a two-headed ogre
 11649 | D:12     | Killed a two-headed ogre
 11649 | D:12     | Reached skill level 12 in Long Blades
 11689 | D:12     | Noticed a death knight
 12135 | Lair:1   | Entered Level 1 of the Lair of Beasts
 12135 | Lair:1   | Noticed an eight-headed hydra
 12155 | D:10     | Killed a one-headed hydra
 12800 | Lair:1   | Noticed a seven-headed hydra
 12831 | Lair:1   | Killed a one-headed hydra
 12831 | Lair:1   | Reached XP level 13. HP: 42/84 MP: 15/15
 12872 | Lair:1   | Impaled on a porcupine's spines

Levels and vault maps discovered:
D:1:      dpeg_arrival_stone_temple_mockup, layout_rooms, dk_noncrumbling_2
D:2:      layout_rooms, lemuel_doored_altar, nicolae_overflow_crystal_walls,
          makhleb_altar_promises_db, minmay_tetromino_o2
D:3:      layout_loops_cross, elyvilon_altar_5, first_ration,
          grunt_ministairs_6, uniq_jessica, uniq_robin
D:4:      layout_cave_pools, kennysheep_mini, minmay_temple_entry_large_hall,
          roderic_serpentine_path, dk_rats_in_the_wall
D:5:      layout_cave_pools, grunt_temple_overflow_opulence, uniq_menkaure
D:6:      layout_basic, fedhas_altar_1
D:7:      layout_basic, uniq_pikel
D:8:      layout_cave_pods, kennysheep_little_box, grunt_temple_overflow_open,
          serial_shops, shop_statue, hangedman_ranch [blue_anna_fruit_fields],
          nicolae_ru_great_annihilating_truth, uniq_harold
D:9:      layout_long_grid, zin_purify, old_standard_altar, serial_shops, shop,
          bh_walls_and_bars, uniq_psyche
D:10:     layout_roguey, minmay_lair_entry_grove, orc_0_dummy, serial_shops,
          kennysheep_mini_moat
D:11:     layout_roguey, jiyva_altar_1
D:12:     layout_roguey, portal_ice_cave_rime
Temple:   jpeg_temple_island
Lair:1:   layout_misc_corridors, st_stairs_7

Skill      XL: |  1  2  3  4  5  6  7  8  9 10 11 12 |
---------------+-------------------------------------+-----
Long Blades    | 2 3 4 8 9 11 12 | 12.4
Fighting       | 4 7 8 9 10 | 10.9
Armour         | 4 7 8 9 10 | 10.9
Dodging        | 5 6 7 8 |  8.7
Shields        | 4 5 |  5.1
Invocations    | 2 3 |  3.0

Action                   |  1- 3 |  4- 6 |  7- 9 | 10-12 | 13-15 || total
-------------------------+-------+-------+-------+-------+-------++-------
Melee: Long sword        |    76 |   181 |   540 |   101 |       ||   898
       Falchion          |       |       |       |  1006 |    37 ||  1043
Throw: Throwing net      |       |       |       |     2 |       ||     2
  Use: Scroll            |     6 |     5 |     1 |    15 |       ||    27
       Potion            |       |     1 |     2 |     9 |     1 ||    13
 Stab: Invisible         |       |       |     2 |     1 |     4 ||     7
       Held in net/web   |       |       |       |     2 |       ||     2
       Distracted        |       |       |       |     1 |       ||     1
       Sleeping          |       |       |       |     1 |       ||     1
  Eat: Chunk             |     1 |     6 |    10 |    22 |       ||    39
       Ration            |       |       |       |     1 |       ||     1
Armor: Scale mail        |    52 |   154 |   262 |    58 |       ||   526
       Ring mail         |       |       |       |   322 |     7 ||   329
       Skin              |       |       |       |    67 |       ||    67
Dodge: Dodged            |    31 |   104 |   336 |   631 |    25 ||  1127
Block: Shield            |    48 |       |       |       |       ||    48
       Buckler           |     3 |    47 |   128 |   222 |     7 ||   407
       Rpst.: Long sword |    11 |    34 |    96 |    21 |       ||   162
       Falchion          |       |       |       |   158 |     5 ||   163

Table legend:
 A = Non-vault XP
 B = Vault XP
 C = Vault XP percentage of total XP
 D = Non-vault monster count
 E = Vault monster count
 F = Vault count percentage of total count
                 A         B        C        D         E       F
            +---------+---------+-------+---------+---------+-------
      Total |   23365 |   10158 |  30.3 |     303 |      58 |  16.1
            +---------+---------+-------+---------+---------+-------
        D:1 |      37 |       0 |   0.0 |      21 |       0 |   0.0
        D:2 |      19 |       2 |   9.5 |       5 |       1 |  16.7
        D:3 |      90 |      73 |  44.8 |      19 |      13 |  40.6
        D:4 |     269 |       0 |   0.0 |      18 |       0 |   0.0
        D:5 |     505 |     169 |  25.1 |      15 |       1 |   6.2
        D:6 |     960 |       0 |   0.0 |      30 |       0 |   0.0
        D:7 |    1085 |     617 |  36.3 |      31 |       1 |   3.1
        D:8 |    2069 |    3156 |  60.4 |      27 |      13 |  32.5
        D:9 |    1645 |     448 |  21.4 |      26 |       1 |   3.7
       D:10 |    5765 |    1786 |  23.7 |      31 |      12 |  27.9
       D:11 |    3600 |     386 |   9.7 |      40 |       4 |   9.1
       D:12 |    3902 |     788 |  16.8 |      26 |       2 |   7.1
     Lair:1 |    3419 |       0 |   0.0 |      14 |       0 |   0.0
      IceCv |       0 |    2733 | 100.0 |       0 |      10 | 100.0
            +---------+---------+-------+---------+---------+-------
